Map: Oxide LE

Players

Rogue - Winner!

  • Race: Zerg Zerg
  • Spawn Location: 1:00

Vanya

  • Race: Zerg Zerg
  • Spawn Location: 7:00

Event: StayAtHome Story Cup #3

VOD

Have the link to the VOD?

Description

Time

  • Played on: March 11, 2021, 7:35 a.m.
  • Length: 4:23

All games in this series

Show
View Real Time Build Order
Export as new Build Order

Rogue Zerg - Winner!

Build Orders: Hatch First 

Get SALT Encoding   

  12  0:00  Drone  
  13  0:12  Overlord  
  13  0:17  Drone  
  14  0:31  Drone x2  
  16  0:47  Hatchery  
  15  0:51  Drone  
  15  0:54  Drone  
  17  0:58  Drone  
  18  1:08  Extractor  
  17  1:13  Spawning Pool  
  17  1:15  Drone  
  17  1:19  Drone  
  18  1:29  Drone  
  19  1:39  Drone  
  20  1:51  Drone  
  21  1:59  Queen x2  
  21  2:00  Drone  
  21  2:01  Overlord  
  26  2:08  Metabolic Boost  
  26  2:11  Drone x2  
  28  2:23  Zergling x4  
  30  2:33  Hatchery  
  29  2:43  Zergling x6  
  32  2:44  Zergling x2  
  33  2:54  Overlord  
  33  2:55  Zergling x2  
  34  3:09  Zergling x4  
  34  3:12  Zergling x12  
  42  3:21  Overlord  
  42  3:29  Zergling x2  
  43  3:40  Zergling x8  
  46  3:41  Zergling x2  
  46  3:43  Zergling x2  
  44  3:49  Zergling x10  
  45  3:56  Zergling x6  
Show
View Real Time Build Order
Export as new Build Order

Vanya Zerg 

Build Orders: Hatch First 

Get SALT Encoding   

  12  0:00  Drone  
  13  0:12  Overlord  
  13  0:17  Drone  
  14  0:30  Drone x2  
  16  0:47  Hatchery  
  15  0:51  Drone  
  15  0:54  Drone  
  17  0:57  Drone  
  18  1:08  Extractor  
  17  1:12  Spawning Pool  
  17  1:15  Drone  
  17  1:19  Drone  
  18  1:27  Drone  
  19  1:39  Drone  
  20  1:50  Drone  
  20  1:53  Evolution Chamber  
  20  1:59  Queen x2  
  20  2:00  Zergling x2  
  20  2:01  Drone  
  26  2:11  Drone x2  
  28  2:19  Zerg Melee Weapons Level 1  
  28  2:21  Overlord  
  28  2:29  Extractor, Drone  
  28  2:31  Extractor, Drone  
  30  2:40  Drone  
  30  2:42  Drone  
  32  2:44  Metabolic Boost  
  32  2:49  Drone  
  33  2:52  Evolution Chamber  
  33  2:53  Drone  
  33  2:55  Drone  
  33  3:00  Roach Warren  
  33  3:02  Queen  
  34  3:06  Overlord  
  34  3:10  Drone  
  35  3:24  Zergling x4  
  35  3:25  Zergling x6  
  35  3:26  Zergling x2  
  41  3:35  Overlord  
  41  3:37  Evolution Chamber  
  41  3:41  Zergling x2  
  41  3:47  Zergling x2  
  41  3:48  Zergling x2  
  36  3:57  Zergling x2  
  36  3:58  Zergling x6  
Tags
 
Add a new tag
Caveats
  • Supply blocks, unpowered buildings, or Contaminate may cause inaccurate times.
  • Supply counts are checked every 10 seconds.